Map: 宿怨战场-天梯版

Players

Toodming - Winner!

  • Race: Zerg Zerg
  • League: Gold

GogojOey

  • Race: Zerg Zerg

Event: WESG 2018 Grand Finals

VOD

Have the link to the VOD?

Description

Time

  • Played on: March 12, 2019, 8:55 a.m.
  • Length: 11:26

All games in this series

Show
View Real Time Build Order
Export as new Build Order

Toodming Zerg - Winner!

Build Orders: Hatch First, Zergling Baneling 

Get SALT Encoding   

  12  0:00  Drone  
  13  0:12  Overlord  
  13  0:18  Drone  
  14  0:31  Drone x2  
  16  0:48  Hatchery  
  15  0:51  Drone  
  15  0:55  Drone  
  17  0:58  Drone  
  18  1:08  Extractor  
  17  1:13  Spawning Pool  
  17  1:17  Drone  
  17  1:21  Drone  
  18  1:29  Drone  
  19  1:40  Overlord  
  19  1:50  Drone  
  20  2:01  Queen x2  
  20  2:02  Zergling x2  
  20  2:03  Zergling x2  
  26  2:08  Metabolic Boost  
  26  2:11  Drone  
  27  2:16  Drone  
  27  2:22  Drone x2  
  30  2:36  Drone  
  31  2:39  Hatchery  
  30  2:47  Baneling Nest  
  30  2:50  Drone x2  
  31  2:53  Drone  
  31  2:57  Overlord  
  32  3:02  Zergling x2  
  32  3:05  Zergling x2  
  34  3:11  Drone  
  35  3:17  Drone x3  
  35  3:19  Zergling x4  
  40  3:21  Zergling x2  
  40  3:22  Zergling x2  
  40  3:25  Zergling x2  
  43  3:37  Zergling x2  
  43  3:39  Baneling  
  44  3:42  Baneling x2  
  44  3:44  Overlord  
  42  3:50  Baneling  
  42  3:51  Baneling  
  42  3:53  Zergling x14  
  50  4:02  Zergling x2  
  50  4:04  Overlord  
  50  4:09  Zergling x2  
  50  4:11  Queen  
  53  4:17  Zergling x12  
  53  4:22  Zergling x2  
  58  4:25  Zergling x2  
  58  4:32  Zergling x4  
  58  4:34  Baneling x4  
  58  4:35  Zergling x2  
  60  4:38  Zergling x2  
  60  4:45  Zergling x4  
  62  4:46  Baneling  
  62  4:47  Baneling  
  62  4:52  Zergling x4  
  63  4:55  Overlord x2  
  63  4:56  Zergling x4  
  65  5:03  Zergling x2  
  60  5:15  Zergling x2  
  60  5:16  Zergling x10  
  60  5:17  Zergling x2  
  55  5:25  Zergling x2  
  55  5:26  Zergling x12  
  55  5:28  Zergling x4  
  59  5:30  Zergling x2  
  59  5:33  Zergling x4  
  62  5:38  Baneling x4  
  62  5:41  Baneling  
  62  5:42  Zergling x4  
  64  5:45  Zergling x2  
  64  5:49  Zergling x2  
  66  5:50  Zergling x2  
  66  5:56  Zergling x6  
  70  5:59  Zergling x2  
  70  6:00  Zergling x4  
  67  6:05  Zergling x2  
  67  6:06  Zergling x4  
  68  6:13  Zergling x2  
  68  6:15  Zergling x4  
  65  6:25  Drone  
  63  6:28  Evolution Chamber  
  63  6:31  Drone  
  63  6:32  Drone, Hatchery  
  59  6:34  Drone  
  59  6:37  Drone  
  61  6:43  Drone x3  
  61  6:46  Drone  
  66  6:47  Drone  
  66  6:53  Drone x2  
  68  6:58  Lair  
  68  7:01  Extractor x2  
  65  7:14  Zerg Missile Weapons Level 1  
  65  7:15  Drone  
  65  7:16  Roach Warren, Drone x3  
  65  7:18  Drone  
  69  7:25  Drone x4  
  69  7:26  Drone  
  74  7:34  Extractor  
  74  7:36  Overlord  
  73  7:46  Queen  
  73  7:47  Drone x6  
  81  7:55  Overlord x2  
  81  8:06  Glial Reconstitution  
  81  8:07  Overlord x2  
  81  8:09  Roach  
  83  8:13  Roach x2  
  83  8:16  Roach x2  
  83  8:17  Overseer  
  91  8:22  Overlord x2  
  93  8:27  Roach  
  93  8:30  Roach x2  
  97  8:36  Roach  
  97  8:37  Roach x3  
  97  8:40  Roach  
  106  8:47  Roach  
  108  8:49  Roach x3  
  108  8:53  Roach x2  
  120  8:55  Roach  
  120  8:56  Roach  
  120  9:00  Roach  
  124  9:04  Overlord x2  
  124  9:09  Roach x2  
  128  9:18  Drone x2  
  128  9:21  Overlord x2  
  130  9:27  Ravager x4  
  130  9:29  Overseer  
  134  9:32  Roach x2  
  134  9:33  Roach x2  
  134  9:34  Extractor  
  134  9:37  Roach x2  
  145  9:39  Roach  
  145  9:43  Roach x2  
  151  9:46  Roach  
  151  9:48  Roach  
  151  9:52  Roach  
  159  9:53  Roach x2  
  161  10:00  Roach x3  
  161  10:05  Overlord x2  
  166  10:11  Overlord x2  
  166  10:22  Overlord x2  
  166  10:29  Roach  
  166  10:30  Roach x4  
  176  10:35  Ravager  
  176  10:36  Ravager x2  
  176  10:39  Roach x5  
  189  10:52  Roach x5  
  193  11:02  Roach x3  
  193  11:03  Roach x3  
Show
View Real Time Build Order
Export as new Build Order

GogojOey Zerg 

Build Orders: Hatch First 

Get SALT Encoding   

  12  0:00  Drone  
  13  0:12  Overlord  
  13  0:16  Drone  
  14  0:30  Drone  
  14  0:31  Drone  
  14  0:35  Drone  
  17  0:52  Hatchery  
  17  0:54  Drone  
  17  0:57  Drone  
  18  1:09  Extractor  
  17  1:13  Spawning Pool  
  17  1:16  Drone  
  17  1:20  Drone  
  18  1:28  Drone  
  19  1:38  Overlord  
  19  1:49  Drone  
  20  2:00  Queen, Drone  
  23  2:03  Queen  
  23  2:04  Drone  
  26  2:09  Metabolic Boost  
  26  2:12  Drone  
  26  2:15  Drone  
  28  2:22  Drone  
  29  2:27  Drone  
  30  2:32  Zergling x2  
  31  2:39  Hatchery  
  31  2:44  Queen  
  30  2:50  Overlord  
  32  2:53  Zergling x2  
  32  2:55  Zergling x2  
  32  2:57  Zergling x2  
  35  3:00  Zergling x2  
  36  3:10  Zergling x10  
  41  3:14  Zergling x2  
  41  3:19  Zergling x4  
  44  3:27  Roach Warren, Drone  
  44  3:31  Overlord  
  44  3:36  Overlord  
  42  4:13  Roach x10  
  61  4:21  Roach, Zergling x4  
  64  4:25  Zergling x2  
  64  4:34  Overlord x2  
  62  4:43  Zergling x6  
  65  4:49  Overlord  
  63  4:53  Overlord  
  63  4:56  Overlord  
  63  5:05  Zergling x10  
  61  5:15  Zergling x8  
  61  5:16  Ravager  
  61  5:20  Zergling x4  
  60  5:25  Roach  
  48  5:34  Evolution Chamber  
  48  5:35  Roach x2  
  47  5:38  Roach  
  51  5:43  Roach  
  51  5:44  Roach  
  51  5:48  Roach x2  
  55  5:56  Roach, Zergling x2  
  58  6:01  Ravager  
  53  6:06  Roach x3  
  53  6:11  Roach  
  51  6:16  Evolution Chamber  
  45  6:19  Roach  
  45  6:23  Roach  
  42  6:28  Roach  
  42  6:30  Drone  
  42  6:31  Drone  
  42  6:33  Drone  
  43  6:41  Drone x2  
  43  6:42  Drone  
  43  6:46  Drone  
  46  6:53  Drone x2  
  46  6:54  Drone x3  
  48  6:56  Drone  
  48  7:01  Zerg Missile Weapons Level 1  
  50  7:05  Drone x2  
  52  7:11  Extractor  
  52  7:12  Extractor  
  52  7:13  Drone x3  
  53  7:17  Drone, Extractor  
  53  7:21  Drone  
  55  7:22  Drone  
  55  7:23  Drone x2  
  57  7:31  Drone x2  
  57  7:33  Queen  
  61  7:37  Lair  
  61  7:45  Roach x2  
  65  7:52  Roach x3  
  65  7:56  Roach x2  
  75  8:07  Roach x2  
  79  8:14  Roach  
  79  8:15  Roach  
  83  8:22  Roach x3  
  89  8:28  Zerg Ground Armor Level 1  
  89  8:35  Roach x2  
  89  8:39  Glial Reconstitution  
  93  8:51  Hatchery  
  93  8:53  Overseer  
  93  8:54  Overseer  
  92  9:03  Overlord  
  92  9:04  Overlord, Zerg Missile Weapons Level 2  
  92  9:11  Roach x2  
  92  9:12  Roach x2  
  92  9:15  Overlord x2  
  100  9:24  Roach x2  
  100  9:25  Roach  
  100  9:30  Roach  
  108  9:33  Drone x3  
  108  9:36  Drone  
  108  9:38  Drone  
  113  9:40  Drone  
  113  9:42  Ravager x2  
  116  9:53  Overlord x2  
  116  10:00  Overlord x2  
  116  10:08  Overlord  
  116  10:09  Overlord  
  116  10:13  Queen  
  118  10:14  Drone  
  118  10:15  Drone x2  
  118  10:17  Drone  
  118  10:19  Ravager x3  
  118  10:20  Ravager  
  118  10:21  Ravager  
  127  10:24  Drone  
  127  10:25  Roach  
  130  10:33  Roach x3, Extractor  
  135  10:38  Roach x3  
  141  10:44  Roach x2  
  143  11:00  Overlord x2  
  139  11:05  Roach  
  139  11:07  Overlord  
Tags
 
Add a new tag
Caveats
  • Supply blocks, unpowered buildings, or Contaminate may cause inaccurate times.
  • Supply counts are checked every 10 seconds.